 Dungeon Crawl Stone Soup version 0.32-a0-859-gb0a091d592 (webtiles) character file.

Game seed: 818086022526529589

18 Griffin23 the Trooper (level 2, -4/27 HPs)
             Began as a Minotaur Fighter on Mar 27, 2024.
             Was a Believer of Elyvilon.
             Killed from afar by Natasha (7 damage)
             ... with a magic dart
             ... on level 2 of the Dungeon.
             The game lasted 00:01:16 (1241 turns).

Griffin23 the Trooper (Minotaur Fighter)            Turns: 1241, Time: 00:01:17

Health: -4/27      AC:  7    Str: 20    XL:     2   Next: 51%
Magic:  1/1        EV:  8    Int:  5    God:    Elyvilon [**....]
Gold:   52         SH:  4    Dex:  9    Spells: 1/1 levels left

rFire   . . .        a - +0 long sword
rCold   . . .        c - +0 buckler
rNeg    . . .        b - +0 scale mail
rPois   .            (helmet restricted)
rElec   .            (no cloak)
rCorr   .            (no gloves)
SInv    .            (no boots)
Will    .....        (no amulet) Stlth
                     (no ring)
HPRegen 0.24/turn    (no ring)
MPRegen 0.07/turn

%: no passive effects
@: no status effects
A: horns 2, retaliatory headbutt
a: Renounce Religion, Purification, Heal Other


You were on level 2 of the Dungeon.
You worshipped Elyvilon.
Elyvilon was pleased with you.
You visited 1 branch of the dungeon, and saw 2 of its levels.

You collected 52 gold pieces.

Inventory:

Hand Weapons
 a - a +0 long sword (weapon)
Armour
 b - a +0 scale mail (worn)
 c - a +0 buckler (worn)
Scrolls
 e - a scroll of silence {unknown}
 f - a scroll of amnesia {unknown}
 g - a scroll of teleportation {unknown}
 j - 3 scrolls of torment {unknown}
 k - a scroll of revelation {unknown}
Potions
 d - a potion of might
 h - a potion of lignification {unknown}
 i - 3 potions of curing {unknown}


   Skills:
 + Level 3.9 Fighting
 * Level 3.0 Long Blades
 + Level 3.9 Armour
 + Level 3.9 Shields


You had one spell level left.
You didn't know any spells.
Your spell library contained the following spells:

 Spells                   Type           Power      Damage    Failure   Level
 Inner Flame              Hex/Fire       0%         N/A       99%         3
 Irradiate                Conj/Alch      0%         3d11      100%        5
 Ignition                 Fire           0%         3d3       100%        8


Dungeon Overview and Level Annotations

Branches:
Dungeon (2/15)

Altars:
Elyvilon

Annotations:
D:2 Natasha, Robin


Innate Abilities, Weirdness & Mutations

You have a pair of horns on your head.
You reflexively headbutt those who attack you in melee.


Message History

Unknown command.
You are too injured to fight recklessly!
Unknown command.
Unknown command.
You are too injured to fight recklessly!
Unknown command.
You are too injured to fight recklessly!
Unknown command.
You are too injured to fight recklessly!
Unknown command.
You are too injured to fight recklessly!
You hit the hobgoblin. Your headbutt misses the hobgoblin.
The hobgoblin is almost dead.
The hobgoblin hits you but does no damage.
Natasha claws you but does no damage. Robin throws the goblin at you!
You block the hobgoblin's attack.
You barely miss the hobgoblin.
The hobgoblin is almost dead.
The hobgoblin misses you. Natasha closely misses you.
You block the goblin's attack. Robin throws the goblin at you!
The hobgoblin hits you.
You closely miss the hobgoblin.
The hobgoblin is almost dead.
A goblin comes into view. It is wielding a +0 dagger.
Natasha claws you.
* * * LOW HITPOINT WARNING * * *
The hobgoblin hits you but does no damage.
The goblin barely misses you. You furiously retaliate!
You headbutt the goblin.
You kill the goblin!
The goblin hits you with a +0 dagger.
* * * LOW HITPOINT WARNING * * *
The hobgoblin hits you.
* * * LOW HITPOINT WARNING * * *
You closely miss the hobgoblin. You headbutt the hobgoblin.
You kill the hobgoblin!
Robin throws the goblin at you!
Natasha stares at you and mumbles some strange words.
The magic dart hits you!
You die...
Natasha begins licking her fur clean.

### #.. #.# #.#
##.####... #
#.........
#.####..#########
#..........g@†..#
####.#.##..gghg.....
#.#.########.####
#.#.. .# #.###### #
#......# #.####.###
#.####.#.##
#.##......##


You could see Robin, Natasha, a hobgoblin (strong) and 2 goblins.

Vanquished Creatures
  An endoplasm (D:1)
  7 goblins
  A hobgoblin (D:2)
  A quokka (D:1)
  3 ball pythons (D:1)
  2 frilled lizards (D:1)
  A kobold (D:1)
  2 rats (D:1)
18 creatures vanquished.

Notes
Turn   | Place    | Note
-------+----------+-------------------------------------------
     0 | D:1      | Griffin23 the Minotaur Fighter began the quest for the Orb.
     0 | D:1      | Reached XP level 1. HP: 19/19 MP: 0/0
   234 | D:1      | Found a faded altar of an unknown god.
   323 | D:1      | Prayed at the altar of an unknown god.
   323 | D:1      | Became a worshipper of Elyvilon the Healer
   323 | D:1      | Reached * piety under Elyvilon
   435 | D:1      | Reached XP level 2. HP: 27/27 MP: 1/1
   989 | D:1      | Reached ** piety under Elyvilon
  1235 | D:2      | Noticed Natasha
  1236 | D:2      | Noticed Robin
  1241 | D:2      | Killed from afar by Natasha

Illustrated notes

Levels and vault maps discovered:
D:1:      dpeg_arrival_shrine, layout_basic,
          hellmonk_ecumenical_altar_pennies_from_heaven, minivault_11
D:2:      layout_loops_ring, basic_altar, minmay_domino_4, uniq_sigmund,
          uniq_robin, uniq_natasha

Skill      XL: |  1  2 |
---------------+-------+-----
Long Blades    | 3 |  3.0
Fighting       | |  3.9
Armour         | |  3.9
Shields        | |  3.9

Action                     || total
---------------------------++-------
  Melee: Long sword        ||    43
         Headbutt          ||     6
 Armour: Scale mail        ||    32
  Dodge: Dodged            ||    23
  Block: Buckler           ||    10

Table legend: (Time is in decaauts)
 A = Elapsed time spent in this place.
 B = Non-inter-level travel time spent in this place.
 C = Inter-level travel time spent in this place.
 D = Time resting spent in this place.
 E = Time spent auto-exploring this place.
 F = Levels seen in this place.
 G = Mean time per level.
                   A        B        C        D        E       F      G
               +--------+--------+--------+--------+--------+-----+--------+
         Total |   1257 |   1209 |     48 |      0 |   1086 |   2 |  628.5 |
       Dungeon |   1257 |   1209 |     48 |      0 |   1086 |   2 |  628.5 |
               +--------+--------+--------+--------+--------+-----+--------+

Top non-repeatable levels by time:
     D:1: 1178 daAuts
     D:2: 78 daAuts
